 Dungeon Crawl Stone Soup version 0.29.1-13-g9f3cf754e1 (webtiles) character file.

Game seed: 4241678213617287784

306 KittyFluff the Cudgeller (level 6, -2/38 HPs)
             Began as a Gargoyle Berserker on Jan 22, 2023.
             Was a Believer of Trog.
             Slain by Menkaure (10 damage)
             ... on level 4 of the Dungeon.
             The game lasted 00:10:51 (3508 turns).

KittyFluff the Cudgeller (Gargoyle Berserker)       Turns: 3508, Time: 00:10:52

Health: -2/38      AC:  7    Str: 21    XL:     6   Next: 39%
Magic:  6/6        EV: 12    Int:  7    God:    Trog [**....]
Gold:   221        SH:  0    Dex: 11    Spells: 5/5 levels left

rFire   . . .      SeeInvis .   a - +0 mace
rCold   . . .      Faith    .   (no shield)
rNeg    + . .      Spirit   .   h - +0 leather armour
rPois   ∞          Reflect  .   (no helmet)
rElec   +          Harm     .   (no cloak)
rCorr   .          Rampage  .   (no gloves)
Will    .....                   (no boots)
Stlth   +.........              (no amulet)
HPRegen 0.12/turn               (no ring)
MPRegen 0.10/turn               (no ring)

@: about to teleport
A: sickness immunity, AC +4, negative energy resistance 1, electricity
resistance, torment resistance 1, petrification resistance
a: Renounce Religion, Berserk, Trog's Hand


You were on level 4 of the Dungeon.
You worshipped Trog.
Trog was pleased with you.
You visited 1 branch of the dungeon, and saw 4 of its levels.

You collected 221 gold pieces.

Inventory:

Hand Weapons
 a - a +0 mace (weapon)
 k - a +0 sling
 p - a +0 morningstar
 t - a +0 flail
Missiles
 d - 32 stones (quivered)
 i - 4 poisoned darts
 j - 2 boomerangs
Armour
 h - a +0 leather armour (worn)
 q - a +0 ring mail
Jewellery
 l - a ring of ice
Scrolls
 f - a scroll of enchant armour {unknown}
 g - a scroll of magic mapping {unknown}
 m - a scroll of amnesia {unknown}
 n - 2 scrolls of teleportation
 r - a scroll of vulnerability {unknown}
 v - a scroll of poison {unknown}
 w - a scroll of enchant weapon {unknown}
Potions
 b - 2 potions of curing
 c - 2 potions of attraction
 e - a potion of invisibility
 o - a potion of heal wounds {unknown}
 s - a potion of brilliance {unknown}
 u - 2 potions of flight {unknown}


   Skills:
 + Level 4.1 Fighting
 + Level 5.0 Maces & Flails
 * Level 3.7 Armour
 + Level 2.6 Dodging
 + Level 1.5 Stealth


You had 5 spell levels left.
You didn't know any spells.
Your spell library was empty.

Dungeon Overview and Level Annotations

Branches:
Dungeon (4/15)
 Temple: D:4-7

Altars:
Makhleb

Shops:
D:2 (   D:4 :

Annotations:
D:4 Menkaure


Innate Abilities, Weirdness & Mutations

You are immune to sickness and miasma.
Your stone body is resilient. (AC +4)
You are immune to poison.
You resist negative energy. (rN+)
You are resistant to electric shocks. (rElec)
You are resistant to unholy torment.
You are immune to petrification.


Message History

You hit the goblin.
You kill the goblin!
Trog accepts your kill.
You see here a +0 club.
You see here a +0 club.
Menkaure, Prince of Dust comes into view.
Menkaure shouts!
You hear a shout! x7
An orc comes into view. It is wielding a +3 hand axe.
Menkaure gestures wildly while chanting.
Menkaure seems to speed up.
You hear a shout!
An orc comes into view. It is wielding a +0 war axe.
Menkaure calls on the powers of darkness!
The orc convulses!
Your body is wracked with pain!
Menkaure calls on the powers of darkness!
The orc convulses!
Your body is wracked with pain!
An orc comes into view.
It is wielding a +0 dagger and carrying a wand of flame (8). 3 orcs come into view.
An orc is wielding a +2 flail of protection.
An orc is wielding a +0 hand axe and quivering poisoned darts.
The orc shouts! x3
The orc completely misses you.
An ufetubus comes into view.
The orc moves out of view. x2 2 orc wizards come into view.
Menkaure hits you.
The orc wizard moves out of view. x2
You sock Menkaure!
Menkaure is moderately damaged.
Menkaure gestures at you while chanting.
Pain shoots through your body!
Unknown command.
As you read the scroll of teleportation, it crumbles to dust.
You feel strangely unstable.
Menkaure gestures at you while chanting.
You barely resist. You hit Menkaure but do no damage.
Menkaure is moderately damaged.
Menkaure hits you!
* * * LOW HITPOINT WARNING * * *
Menkaure hits you!
You die...

####
###############...
#...............#.
#.#############...
#.# ##.# #.# #.#
#@# #.# #M# #.#


5..ooooo# #.# .#.#o##.# #.# .... #.# #.# ##. #.# ##.# # ..# #... ### #.#. #...
You could see Menkaure (fast) and 2 orcs.

Vanquished Creatures
  A black bear (D:4)
  A necrophage (D:3)
  An iguana (D:4)
  6 adders
  3 worms (D:2)
  2 dart slugs (D:1)
  An orc (D:3)
  7 bats
  6 endoplasms
  2 giant cockroaches
  7 goblins
  3 hobgoblins
  6 jackals
  2 quokkas (D:1)
  6 ball pythons
  3 frilled lizards
  3 kobolds
  4 rats
64 creatures vanquished.

Notes
Turn   | Place    | Note
-------+----------+-------------------------------------------
     0 | D:1      | KittyFluff the Gargoyle Berserker began the quest for the
                  | Orb.
     0 | D:1      | Reached XP level 1. HP: 14/14 MP: 1/1
   379 | D:1      | Reached XP level 2. HP: 18/19 MP: 2/2
  1131 | D:1      | Reached XP level 3. HP: 20/23 MP: 3/3
  1510 | D:2      | Found a burning altar of Makhleb.
  1531 | D:2      | Reached XP level 4. HP: 15/29 MP: 4/4
  1719 | D:2      | Found a faded altar of an unknown god.
  2019 | D:2      | Reached ** piety under Trog
  2054 | D:2      | Found Osanlap's Antique Weapon Shoppe.
  2337 | D:3      | Reached skill level 4 in Maces & Flails
  2781 | D:4      | Reached skill level 1 in Stealth
  2781 | D:4      | Reached XP level 5. HP: 25/33 MP: 5/5
  2864 | D:4      | Found Feige's Book Emporium.
  2871 | D:4      | Noticed a black bear
  3074 | D:4      | Killed a black bear
  3075 | D:4      | Reached skill level 5 in Maces & Flails
  3075 | D:4      | Reached XP level 6. HP: 21/38 MP: 6/6
  3498 | D:4      | Noticed Menkaure
  3508 | D:4      | Slain by Menkaure

Illustrated notes

Levels and vault maps discovered:
D:1:      tarquinn_simple_flora_water_f, layout_basic
D:2:      layout_rooms, basic_altar, serial_shops, shop,
          ebering_ecumenical_altar_rust
D:3:      layout_basic
D:4:      layout_loops_ring, serial_shops, nicolae_stop_n_shop_1, serial_glass,
          glass_columns_a, glass_columns_b, glass_columns_a, uniq_menkaure

Skill      XL: |  1  2  3  4  5 |
---------------+----------------+-----
Dodging        | 2 |  2.6
Armour         | 3 |  3.7
Maces & Flails | 4 5 |  5.0
Stealth        | 1 |  1.5
Fighting       | 4 |  4.1

Action                   |  1- 3 |  4- 6 || total
-------------------------+-------+-------++-------
Melee: Mace              |   116 |   133 ||   249
       Punch             |     1 |       ||     1
Invok: Berserk           |     1 |     1 ||     2
  Use: Scroll            |       |     5 ||     5
 Stab: Sleeping          |       |     1 ||     1
Armor: Animal skin       |    19 |       ||    19
       Leather armour    |    48 |    85 ||   133
Dodge: Dodged            |    98 |   142 ||   240
